 Dungeon Crawl Stone Soup version 0.20-a0-1050-g57248f3 (webtiles) character file.

145 JeffiDaFish the Covered (level 5, -1/33 HPs)
             Began as a Gargoyle Fighter on Apr 25, 2017.
             Was an Initiate of Okawaru.
             Slain by an ogre
             ... wielding a +0 giant spiked club
              (13 damage)
             ... on level 3 of the Dungeon.
             The game lasted 00:05:49 (1967 turns).

JeffiDaFish the Covered (Gargoyle Fighter)          Turns: 1967, Time: 00:05:50

Health: -1/33      AC: 18    Str: 17 (19) XL:     5   Next: 27%
Magic:  5/5        EV:  5    Int:  7 (9)  God:    Okawaru [......]
Gold:   104        SH:  9    Dex:  9 (10) Spells: 4/4 levels left

rFire    . . .     SeeInvis +   a - +1 flail
rCold    . . .     Gourm    .   c - +0 shield
rNeg     + . .     Faith    .   i - +0 chain mail
rPois    ∞         Spirit   .   l - +2 helmet
rElec    +         Reflect  .   n - +1 cloak
rCorr    .         Harm     .   (no gloves)
MR       .....                  (no boots)
Stlth    ..........             e - amulet of rage
Regen    0.2/turn               b - ring of wizardry
MPRegen  0.1/turn               j - ring of see invisible

@: no status effects
A: negative energy resistance 1, electricity resistance, unbreathing,
petrification resistance, rot immunity, AC +4
a: Renounce Religion, Evoke Berserk Rage


You were on level 3 of the Dungeon.
You worshipped Okawaru.
Okawaru was noncommittal.
You were not hungry.

You visited 1 branch of the dungeon, and saw 3 of its levels.

You collected 104 gold pieces.

Inventory:

Hand Weapons
 a - a +1 flail (weapon)
Armour
 c - a +0 shield (worn)
 i - a +0 chain mail (worn)
 l - a +2 helmet (worn)
 n - a +1 cloak (worn)
Jewellery
 b - a ring of wizardry (left hand)
 e - an amulet of rage (around neck)
 j - a ring of see invisible (right hand)
Scrolls
 k - 4 scrolls of identify
Potions
 d - a potion of might
 p - a potion of ambrosia
 q - a potion of heal wounds {unknown}
Comestibles
 f - 4 bread rations
 g - 5 chunks of flesh
 h - 2 meat rations
 m - a royal jelly
 o - a fruit


   Skills:
 + Level 4.0 Fighting
 + Level 3.2 Maces & Flails
 + Level 4.1 Armour
 + Level 1.2 Dodging
 + Level 0.2 Stealth
 + Level 4.0 Shields


You had 4 spell levels left.
You didn't know any spells.

Dungeon Overview and Level Annotations

Branches:
Dungeon (3/15)

Altars:
Nemelex Xobeh
Okawaru
Qazlal
Yredelemnul
The Shining One


Innate Abilities, Weirdness & Mutations

You are resistant to torment.
Your stone body is resilient. (AC +4)
You are immune to poison.
You resist negative energy. (rN+)
You are resistant to electric shocks. (rElec)
You can survive without breathing.
You are immune to petrification.
You are immune to rotting.


Message History

You are too injured to fight recklessly!
You are too injured to fight recklessly!
You are too injured to fight recklessly!
You are too injured to fight recklessly!
You are too injured to fight recklessly!
You are too injured to fight recklessly!
You are too injured to fight recklessly!
You are too injured to fight recklessly!
You are too injured to fight recklessly!
You are too injured to fight recklessly!
You hit the ogre.
The ogre is moderately wounded.
The ogre barely misses you.
Your shield and chain mail prevent you from hitting the ogre.
The ogre is moderately wounded.
You block the ogre's attack.
You hit the ogre.
The ogre is heavily wounded.
The ogre hits you with a giant spiked club!
You die...

#################
.................
###.####....#.#.#######
#.# #...<..#.......#
#.# #....###.......#
#.# #......'.@O....#
#.# #...####.......#
#.# #...# #.......# #.#
##### #.......# ...
#########


You could see an ogre.

Vanquished Creatures
  5 adders
  5 worms
  2 dart slugs (D:1)
  3 leopard geckos
  A ball python (D:1)
  5 bats
  4 giant cockroaches
  10 hobgoblins
  8 jackals
  A quokka (D:2)
  4 frilled lizards
  14 goblins
  8 kobolds
  5 rats
75 creatures vanquished.

Notes
Turn   | Place    | Note
-------+----------+-------------------------------------------
     0 | D:1      | JeffiDaFish the Gargoyle Fighter began the quest for the Orb.
     0 | D:1      | Reached XP level 1. HP: 14/14 MP: 1/1
    84 | D:1      | Reached XP level 2. HP: 17/19 MP: 2/2
   384 | D:1      | Reached XP level 3. HP: 24/24 MP: 3/3
   537 | D:2      | Found a stormy altar of Qazlal.
   545 | D:2      | Found a glowing golden altar of the Shining One.
   547 | D:2      | Found a sparkling altar of Nemelex Xobeh.
   848 | D:2      | Reached XP level 4. HP: 28/29 MP: 4/4
   861 | D:2      | Reached skill level 1 in Dodging
   902 | D:2      | Found an iron altar of Okawaru.
   948 | D:2      | Became a worshipper of Warmaster Okawaru
  1692 | D:3      | Reached XP level 5. HP: 32/33 MP: 5/5
  1730 | D:3      | Found a basalt altar of Yredelemnul.
  1959 | D:3      | Noticed an ogre
  1967 | D:3      | Slain by an ogre

Vault maps used:
D:1:      dpeg_arrival_shelter, minmay_misc_feat_nine_boxes
D:2:      kennysheep_six_static_rooms, grunt_temple_overflow_open, first_bread,
          okawaru_altar_gauntlet_db
D:3:      yredelemnul_altar_generic

Skill      XL: |  1  2  3  4  5 |
---------------+----------------+-----
Dodging        | 1 |  1.2
Armour         | 4 |  4.1
Fighting       | 4 |  4.0
Maces & Flails | 3 |  3.2
Shields        | 4 |  4.0
Stealth        | |  0.2

Action                   |  1- 3 |  4- 6 || total
-------------------------+-------+-------++-------
Melee: Flail             |   154 |   179 ||   333
  Use: Scroll            |     2 |     4 ||     6
       Potion            |     1 |     3 ||     4
  Eat: Chunk             |       |     4 ||     4
Armor: Scale mail        |    39 |       ||    39
       Chain mail        |    64 |   137 ||   201
Dodge: Dodged            |    34 |    59 ||    93
Block: Shield            |    77 |   117 ||   194
